 Dungeon Crawl Stone Soup version 0.14-a0-1761-gdbd231b (webtiles) character file.

407 Psiweapon the Sneak (level 6, -5/38 HPs)
             Began as an Octopode Artificer on Jan 3, 2014.
             Slain by a sky beast (6 damage)
             ... on Level 6 of the Dungeon on Jan 4, 2014.
             The game lasted 00:22:51 (3376 turns).

Psiweapon the Sneak (Octopode Artificer)            Turns: 3376, Time: 00:22:52

HP  -5/38        AC  1     Str 12      XL: 6   Next: 12%
MP   9/9         EV 14     Int 14      God:
Gold 158         SH  0     Dex 15      Spells:  0 memorised,  5 levels left

rFire  . . .     SeeInvis .     C - +1,+0 dwarf short sword
rCold  . . .     Clarity  .     (no shield)
rNeg   . . .     Conserve .     (helmet restricted)
rPois  .         rCorr    .     (no amulet)
rElec  .         rRot     .     S - +2 ring of strength
SustAb . .       Spirit   .     T - ring of wizardry
rMut   .         Warding  .     (no ring)
Saprov . . .     Stasis   .     (no ring)
                                (no ring)
                                (no ring)
                                (no ring)
                                (no ring)

@: slightly resistant to hostile enchantments, very stealthy
A: almost no armour, amphibious, 8 rings, constrict 8, camouflage 1, gelatinous
body 1
a: no special abilities


You were on level 6 of the Dungeon.
You were not hungry.

You visited 1 branch of the dungeon, and saw 7 of its levels.

You collected 158 gold pieces.

Inventory:

Hand weapons
 o - a +0,+0 dagger
 p - a +2,+2 sling
 t - a +1,+1 vampiric whip
 C - a +1,+0 dwarven short sword (weapon)
 D - a +0,+0 elven dagger
 J - a +0 blowgun
Missiles
 a - 24 arrows
 e - 6 exploding darts (quivered)
 j - 24 arrows of frost
 q - 36 stones
 s - 26 sling bullets
 F - 6 tomahawks
 K - 20 poisoned needles
 R - 12 poisoned sling bullets
Armour
 E - a +0 chain mail
 H - a +0 elven robe
Magical devices
 b - a wand of flame (11)
 c - a wand of enslavement (10)
 d - a wand of random effects (9)
 L - a wand of digging (10)
Comestibles
 f - 3 bread rations
 i - 8 grapes
 v - 3 meat rations
 M - an apricot
 O - 7 sultanas
 P - a rotting chunk of jackal flesh
 Q - a choko
Scrolls
 h - a scroll of curse weapon {unknown}
 l - a scroll of curse jewellery {unknown}
 m - 2 scrolls of identify
 n - a scroll of enchant armour {unknown}
 u - a scroll of random uselessness
 y - a scroll of recharging
 z - a scroll of teleportation
 G - a scroll of remove curse
Jewellery
 S - a +2 ring of strength (left tentacle)
 T - a ring of wizardry (right tentacle)
Potions
 g - 2 potions of agility
 r - a potion of magic
 w - a potion of brilliance {unknown}
 x - a potion of cure mutation {unknown}
 A - 6 potions of curing
 B - a potion of flight {unknown}
 I - a potion of speed {unknown}
 N - 2 potions of poison {unknown}
 V - 2 potions of blood


   Skills:
 - Level 1.0 Fighting
 - Level 1.0 Short Blades
 + Level 1.6 Slings
 + Level 4.2 Dodging
 + Level 5.9 Stealth
 - Level 3.2 Evocations


You had 5 spell levels left.
You didn't know any spells.

Dungeon Overview and Level Annotations

Branches:
Dungeon (7/16)
 Temple: D:4-7

Altars:
Yredelemnul

Annotations:
D:4 miro's ghost, average HECj
D:5 aard's ghost, average FeVM


Innate Abilities, Weirdness & Mutations

You cannot wear most types of armour.
You are amphibious.
You can wear up to eight rings at the same time.
You can use your tentacles to constrict many enemies at once.
Your skin changes colour to match your surroundings (Stlth).
Your rubbery body absorbs attacks (AC +1).


Message History

The sky beast is heavily wounded.
The sky beast closely misses you.
You hit the sky beast.
The sky beast is severely wounded.
The sky beast barely misses you.
You barely miss the sky beast.
The sky beast is severely wounded.
The sky beast hits you. The sky beast shocks you.
You closely miss the sky beast.
The sky beast is severely wounded.
The sky beast hits you.
* * * LOW HITPOINT WARNING * * *
The sky beast shocks you.
* * * LOW HITPOINT WARNING * * *
You closely miss the sky beast.
The sky beast is severely wounded.
The sky beast hits you.
* * * LOW HITPOINT WARNING * * *
The sky beast shocks you!
You die...

...# .... ... #.#
####.######
#.........#
#.#..##.#.# #+#
#.#..##.#.# #.#
#@#..##.#.# #.#
#I#.....#.####.###
#.#.......#.......
#.#####.###......#
#.#####.###.#.....
#...............##
###########.##.###
#....... ####.###


You could see a sky beast.

Vanquished Creatures
  A big kobold (D:6)
  A hound (D:6)
  An orc priest (D:3)
  Jessica (D:3)
  3 adders (D:3)
  2 worms
  An ooze (D:2)
  5 orcs
  2 ball pythons (D:3)
  6 giant cockroaches
  6 goblins
  6 hobgoblins
  3 jackals (D:5)
  2 quokkas
  4 bats
  2 giant newts
  7 kobolds
  7 rats
60 creatures vanquished.

Vanquished Creatures (collateral kills)
  2 orcs (D:6)
  A rat (D:1)
3 creatures vanquished.

Grand Total: 63 creatures vanquished

Notes
Turn   | Place    | Note
--------------------------------------------------------------
     0 | D:1      | Psiweapon, the Octopode Artificer, began the quest for the Orb.
     0 | D:1      | Reached XP level 1. HP: 13/13 MP: 1/1
   577 | D:1      | Reached XP level 2. HP: 18/18 MP: 3/3
   578 | D:1      | Upgraded the game from 0.14-a0-1739-g6c2808e to 0.14-a0-1761-gdbd231b
  1248 | D:1      | Reached XP level 3. HP: 15/23 MP: 4/4
  1597 | D:3      | Found a basalt altar of Yredelemnul.
  2218 | D:3      | Noticed Jessica
  2273 | D:3      | Killed Jessica
  2273 | D:3      | Reached skill level 4 in Stealth
  2273 | D:3      | Reached XP level 4. HP: 28/28 MP: 6/6
  2486 | D:3      | Reached skill level 5 in Stealth
  2486 | D:3      | Reached XP level 5. HP: 33/33 MP: 7/7
  2749 | D:4      | Noticed miro's ghost (average HECj)
  2973 | D:5      | Entered Level 5 of the Dungeon
  3055 | D:5      | Noticed aard's ghost (average FeVM)
  3058 | D:6      | Noticed an orc warrior
  3089 | D:6      | Reached skill level 1 in Slings
  3096 | D:6      | an orc warrior changed into a big kobold
  3102 | D:6      | Reached XP level 6. HP: 16/38 MP: 9/9
  3358 | D:6      | Noticed a sky beast
  3376 | D:6      | HP: 1/38 [sky beast (4)]
  3376 | D:6      | Slain by a sky beast

Action                   |  1- 3 |  4- 6 || total
-------------------------+-------+-------++-------
Melee: Short sword       |    56 |    38 ||    94
       Dagger            |     9 |     1 ||    10
 Fire: Sling             |    26 |    36 ||    62
Throw: Dart              |     2 |     6 ||     8
Evoke: Wand              |     6 |     9 ||    15
  Use: Scroll            |       |     5 ||     5
       Potion            |       |     4 ||     4
 Stab: Sleeping          |     5 |     3 ||     8
